General information
- name: BNet
- type: Ladder team game (AT/RT)
- host: Battle.net
- saver: GoblinGGchemist
map: GolemsInTheMist
- players: 8
- length: 17:42
- speed: Fast
- version: 1.21 W3XP
- replay type: Public
» download(158 KB)
Players
team 1 (winner)
dogsandhorse.de (
blue | 78 APM | 1385 actions | 17:40)
4 Shadow Hunter
2 Serpent Ward
2 Hex
» actions
| Assign group hotkey | 11 | |
| Build / train | 55 | |
| Enter build submenu | 20 | |
| Enter hero's abilities submenu | 5 | |
| Remove unit from queue | 4 | |
| Right click | 762 | |
| Select / deselect | 231 | |
| Select group hotkey | 234 | |
| Use ability | 63 | |
1385 total
» units
» upgrades
| Ranged Weapons | 3 | |
| Liquid Fire | 1 | |
| Armor | 1 | |
5 total
» buildings
| Altar of Storms | 1 | |
| Orc Burrow | 4 | |
| War Mill | 1 | |
| Watch Tower | 11 | |
| Stronghold | 2 | |
| Voodoo Lounge | 1 | |
| Beastiary | 2 | |
| Fortress | 1 | |
23 total
» build order
00:07 Altar of Storms
00:20 Orc Burrow
00:35 War Mill
02:49 Watch Tower
03:02 Watch Tower
03:03 Watch Tower
03:05 Watch Tower
03:06 Watch Tower
03:33 Watch Tower
04:21 Stronghold
04:21 Stronghold
04:22 Watch Tower
04:56 Watch Tower
05:20 Voodoo Lounge
05:45 Watch Tower
05:53 Orc Burrow
06:09 Watch Tower
06:45 Beastiary
07:43 Beastiary
07:58 Orc Burrow
09:33 Fortress
10:55 Orc Burrow
11:13 Watch Tower
» items
| Lesser Clarity Potion | 3 | |
| Healing Salve | 1 | |
| Orb of Lightning | 1 | |
5 total
GoblinGGchemist (
pink | 81 APM | 1438 actions | 17:42)
4 Mountain King
2 Storm Bolt
2 Bash
» actions
| Assign group hotkey | 25 | |
| Basic commands | 9 | |
| Build / train | 51 | |
| ESC pressed | 8 | |
| Enter build submenu | 27 | |
| Enter hero's abilities submenu | 4 | |
| Right click | 752 | |
| Select / deselect | 226 | |
| Select group hotkey | 283 | |
| Use ability | 53 | |
1438 total
» units
| Peasant | 13 | |
| Footman | 17 | |
| Rifleman | 8 | |
38 total
» upgrades
» buildings
| Lumber Mill | 1 | |
| Barracks | 2 | |
| Farm | 12 | |
| Altar of Kings | 1 | |
| Scout Tower | 12 | |
| Guard Tower | 3 | |
| Arcane Vault | 1 | |
| Blacksmith | 1 | |
| Keep | 1 | |
34 total
» build order
00:15 Lumber Mill
00:22 Barracks
00:37 Farm
01:07 Altar of Kings
01:33 Farm
02:23 Farm
03:00 Scout Tower
03:01 Scout Tower
03:28 Guard Tower
04:12 Barracks
04:13 Farm
06:44 Farm
06:46 Farm
06:48 Farm
07:39 Scout Tower
07:43 Scout Tower
07:45 Scout Tower
07:46 Scout Tower
08:13 Scout Tower
08:13 Scout Tower
08:15 Scout Tower
08:15 Scout Tower
08:17 Guard Tower
08:25 Guard Tower
08:36 Scout Tower
08:37 Scout Tower
09:43 Arcane Vault
10:07 Blacksmith
14:05 Farm
14:07 Farm
14:08 Farm
14:11 Farm
14:11 Farm
15:16 Keep
» items
| Scroll of Regeneration | 1 | |
| Lesser Clarity Potion | 1 | |
2 total
iggy_the_fisk (
red | 101 APM | 1792 actions | 17:40)
4 Archmage
2 Summon Water Elemental
2 Brilliance Aura
2 Mountain King
1 Storm Bolt
1 Bash
» actions
| Assign group hotkey | 69 | |
| Basic commands | 20 | |
| Build / train | 73 | |
| Enter build submenu | 27 | |
| Enter hero's abilities submenu | 7 | |
| Remove unit from queue | 1 | |
| Right click | 1108 | |
| Select / deselect | 341 | |
| Select group hotkey | 92 | |
| Use ability | 54 | |
1792 total
» units
| Peasant | 16 | |
| Footman | 13 | |
| Sorceress | 8 | |
| Priest | 8 | |
| Spell Breaker | 6 | |
51 total
» buildings
| Altar of Kings | 1 | |
| Farm | 6 | |
| Barracks | 1 | |
| Lumber Mill | 1 | |
| Scout Tower | 12 | |
| Arcane Tower | 3 | |
| Guard Tower | 7 | |
| Keep | 1 | |
| Arcane Sanctum | 2 | |
| Arcane Vault | 1 | |
35 total
» build order
00:06 Altar of Kings
00:18 Farm
00:34 Barracks
00:48 Lumber Mill
01:12 Farm
02:07 Farm
02:40 Scout Tower
02:44 Scout Tower
02:53 Scout Tower
03:10 Arcane Tower
03:13 Scout Tower
03:22 Guard Tower
03:41 Guard Tower
04:03 Scout Tower
05:28 Scout Tower
05:32 Scout Tower
05:50 Guard Tower
05:51 Guard Tower
05:52 Scout Tower
06:12 Arcane Tower
06:15 Scout Tower
06:28 Keep
06:34 Guard Tower
06:43 Scout Tower
06:56 Arcane Tower
07:03 Scout Tower
07:19 Guard Tower
07:27 Scout Tower
07:28 Farm
08:22 Guard Tower
08:52 Arcane Sanctum
09:26 Arcane Sanctum
10:19 Farm
10:45 Arcane Vault
12:04 Farm
yummmmmDlCKS.de (
orange | 138 APM | 2432 actions | 17:40)
4 Demon Hunter
2 Mana Burn
2 Evasion
4 Keeper of the Grove
2 Entangling Roots
2 Thorns Aura
» actions
| Assign group hotkey | 23 | |
| Basic commands | 65 | |
| Build / train | 60 | |
| Enter build submenu | 17 | |
| Enter hero's abilities submenu | 8 | |
| Give item / drop item | 1 | |
| Remove unit from queue | 2 | |
| Right click | 1189 | |
| Select / deselect | 268 | |
| Select group hotkey | 734 | |
| Use ability | 65 | |
2432 total
» units
| Wisp | 11 | |
| Huntress | 6 | |
| Dryad | 11 | |
| Druid of the Claw | 2 | |
30 total
» upgrades
| Ultravision | 1 | |
| Abolish Magic | 1 | |
| Well Spring | 1 | |
| Strength of the Wild | 2 | |
| Backpack | 0 | |
| Nature's Blessing | 1 | |
| Druid of the Claw Training | 2 | |
8 total
» buildings
| Altar of Elders | 1 | |
| Moon Well | 5 | |
| Hunter's Hall | 1 | |
| Ancient of War | 1 | |
| Tree of Ages | 2 | |
| Ancient of Wonders | 1 | |
| Ancient of Lore | 4 | |
| Tree of Eternity | 1 | |
16 total
» build order
00:06 Altar of Elders
00:20 Moon Well
01:24 Hunter's Hall
01:27 Ancient of War
01:40 Moon Well
01:58 Moon Well
04:11 Tree of Ages
04:57 Moon Well
06:32 Ancient of Wonders
06:38 Ancient of Lore
06:44 Ancient of Lore
07:08 Tree of Eternity
07:55 Moon Well
16:32 Ancient of Lore
16:33 Ancient of Lore
» items
| Healing Salve | 2 | |
| Scroll of Town Portal | 1 | |
| Staff of Preservation | 1 | |
| Orb of Venom | 2 | |
| Potion of Healing | 2 | |
8 total
team 2 (loser)
Flamby_Xfiudong (
green | 68 APM | 1206 actions | 17:40)
4 Demon Hunter
2 Mana Burn
2 Evasion
» actions
| Assign group hotkey | 19 | |
| Basic commands | 19 | |
| Build / train | 49 | |
| Enter build submenu | 11 | |
| Enter hero's abilities submenu | 4 | |
| Right click | 564 | |
| Select / deselect | 299 | |
| Select group hotkey | 125 | |
| Use ability | 116 | |
1206 total
» units
» upgrades
» buildings
| Hunter's Hall | 1 | |
| Ancient of War | 2 | |
| Moon Well | 5 | |
| Altar of Elders | 1 | |
| Ancient of Wonders | 1 | |
10 total
» build order
00:37 Hunter's Hall
00:42 Ancient of War
01:18 Moon Well
01:50 Altar of Elders
02:09 Moon Well
03:44 Moon Well
07:03 Moon Well
09:45 Ancient of War
10:18 Ancient of Wonders
10:22 Moon Well
franck[ad] (
yellow | 62 APM | 1094 actions | 17:34)
4 Mountain King
2 Storm Bolt
2 Bash
» actions
| Assign group hotkey | 39 | |
| Basic commands | 16 | |
| Build / train | 63 | |
| ESC pressed | 4 | |
| Enter build submenu | 19 | |
| Enter hero's abilities submenu | 4 | |
| Right click | 548 | |
| Select / deselect | 242 | |
| Select group hotkey | 109 | |
| Use ability | 50 | |
1094 total
» units
| Peasant | 10 | |
| Footman | 19 | |
| Rifleman | 9 | |
| Mortar Team | 6 | |
44 total
» buildings
| Altar of Kings | 1 | |
| Farm | 7 | |
| Barracks | 1 | |
| Arcane Vault | 1 | |
| Blacksmith | 1 | |
| Keep | 1 | |
| Lumber Mill | 1 | |
| Workshop | 1 | |
| Scout Tower | 2 | |
16 total
» build order
00:04 Altar of Kings
00:21 Farm
00:39 Barracks
01:01 Farm
01:31 Arcane Vault
01:40 Farm
02:28 Blacksmith
04:16 Keep
04:20 Farm
05:39 Farm
06:25 Farm
06:58 Lumber Mill
09:20 Workshop
11:31 Farm
13:05 Scout Tower
13:14 Scout Tower
» items
| Lesser Clarity Potion | 2 | |
| Scroll of Town Portal | 2 | |
| Ivory Tower | 7 | |
| Scroll of Regeneration | 1 | |
| Potion of Healing | 1 | |
13 total
Niktus[ad] (
teal | 40 APM | 702 actions | 17:40)
5 Demon Hunter
3 Mana Burn
2 Evasion
» actions
| Assign group hotkey | 17 | |
| Build / train | 29 | |
| ESC pressed | 1 | |
| Enter build submenu | 11 | |
| Enter hero's abilities submenu | 5 | |
| Right click | 316 | |
| Select / deselect | 154 | |
| Select group hotkey | 126 | |
| Use ability | 43 | |
702 total
» units
» buildings
| Altar of Elders | 1 | |
| Moon Well | 3 | |
| Hunter's Hall | 1 | |
| Ancient of War | 1 | |
| Ancient Protector | 3 | |
| Tree of Ages | 1 | |
10 total
» build order
00:08 Altar of Elders
00:20 Moon Well
01:35 Hunter's Hall
01:45 Ancient of War
02:11 Moon Well
02:51 Ancient Protector
05:49 Moon Well
06:42 Tree of Ages
07:23 Ancient Protector
07:27 Ancient Protector
SeRaFiN[aD] (
purple | 53 APM | 905 actions | 17:04)
3 Demon Hunter
1 Mana Burn
2 Evasion
» actions
| Assign group hotkey | 1 | |
| Build / train | 39 | |
| Enter build submenu | 11 | |
| Enter hero's abilities submenu | 3 | |
| Remove unit from queue | 1 | |
| Right click | 571 | |
| Select / deselect | 224 | |
| Select group hotkey | 1 | |
| Use ability | 54 | |
905 total
» units
| Wisp | 9 | |
| Huntress | 8 | |
| Druid of the Claw | 11 | |
28 total
» upgrades
| Druid of the Claw Training | 2 | |
| Strength of the Wild | 1 | |
3 total
» buildings
| Altar of Elders | 1 | |
| Moon Well | 6 | |
| Ancient of War | 1 | |
| Hunter's Hall | 1 | |
| Tree of Ages | 1 | |
| Ancient of Lore | 2 | |
| Tree of Eternity | 1 | |
13 total
» build order
00:06 Altar of Elders
00:21 Moon Well
01:54 Ancient of War
01:58 Hunter's Hall
02:04 Moon Well
02:26 Moon Well
02:58 Moon Well
04:09 Tree of Ages
06:46 Ancient of Lore
06:47 Tree of Eternity
06:49 Ancient of Lore
10:13 Moon Well
10:16 Moon Well
» items
Chat log
(00:08 / Allies) GoblinGGchemist: instant or footmen?
(00:58 / Allies) GoblinGGchemist: k
(01:29 / Allies) GoblinGGchemist: no
(01:39 / Allies) GoblinGGchemist: magic immune
(01:40 / Allies) GoblinGGchemist: wards
(02:13 / Allies) GoblinGGchemist: just bad build
(04:00 / Allies) GoblinGGchemist: fail top
(04:03 / Allies) GoblinGGchemist: meh
(04:16 / Allies) GoblinGGchemist: im comin
(06:09 / Allies) GoblinGGchemist: ooh owned
(06:30 / Allies) GoblinGGchemist: good
(09:04 / All) dogsandhorse.de: gg....lmao
(09:59 / Allies) GoblinGGchemist: seen infi and ted go 100 supply foots?
(10:06 / Allies) dogsandhorse.de: nope
(10:09 / Allies) GoblinGGchemist: its on wcr
(10:12 / Allies) GoblinGGchemist: first page
(10:20 / Allies) dogsandhorse.de: of replays or of whole site
(10:27 / Allies) GoblinGGchemist: 100 supply foots with am mk
(10:31 / Allies) GoblinGGchemist: and straight tower rush
(10:34 / Allies) GoblinGGchemist: of replays
(11:23 / Allies) GoblinGGchemist: finishing top
(12:10 / Allies) GoblinGGchemist: huntz lol
(12:33 / All) dogsandhorse.de: quit
(12:34 / All) dogsandhorse.de: noobs
(14:52 / Allies) GoblinGGchemist: youre ok?
(15:05 / All) dogsandhorse.de: QUIT
(15:10 / All) dogsandhorse.de: BITCHES!!!!!!!!!!!!!!!!!!!!!!!!!!!
(16:06 / All) dogsandhorse.de: bye
(16:08 / All) dogsandhorse.de: see u
(16:09 / All) dogsandhorse.de: bye
(16:09 / All) dogsandhorse.de: quit
(16:46 / All) dogsandhorse.de: sickening.....
(16:59 / Allies) GoblinGGchemist: expo
(17:19 / Allies) yummmmmDlCKS.de: owned
(17:24 / Allies) iggy_the_fisk: sweet bearblock
(17:37 / Allies) GoblinGGchemist: ye
(17:39 / Allies) GoblinGGchemist: i know
(17:39 / All) Niktus[ad]: gg